 Dungeon Crawl Stone Soup version 0.24-a0-365-ga4d96b6e6e (webtiles) character file.

Game seed: 12144347082285844754

14072 theanonym the Martial Artist (level 12, -2/96 HPs)
             Began as an Octopode Transmuter on May 27, 2019.
             Was a High Priest of Cheibriados.
             Slain by an eight-headed hydra (17 damage)
             ... on level 2 of the Lair of Beasts.
             The game lasted 00:28:40 (16076 turns).

theanonym the Martial Artist (Octopode Transmuter) Turns: 16076, Time: 00:28:40

Health: -2/96      AC: 11    Str: 20    XL:     12   Next: 12%
Magic:  19/21      EV: 11    Int: 31    God:    Cheibriados [*****.]
Gold:   606        SH:  0    Dex: 24    Spells: 19/24 levels left

rFire    x . .     SeeInvis .     - Unarmed
rCold    + + +     Gourm    .   (shield currently unavailable)
rNeg     . . .     Faith    .   (helmet currently unavailable)
rPois    +         Spirit   .   (no amulet)
rElec    .         Reflect  .   v - +3 ring of slaying
rCorr    .         Harm     .   x - ring of protection from fire
MR       .....                  l - ring of stealth (curse)
Stlth    +++++.....             b - ring of ice
HPRegen  0.26/turn              (no ring)
MPRegen  0.17/turn              (no ring)
                                (no ring)
                                (no ring)

@: ice-form, very slow
A: large, almost no armour, stealthy swim, amphibious, 8 rings, (constrict 8)
a: End Transformation, Bend Time, Temporal Distortion, Slouch, Step From Time,
Renounce Religion


Innate Abilities, Weirdness & Mutations

You cannot wear most types of armour.
You are very stealthy in the water. (Stealth+)
You are amphibious.
You can wear up to eight rings at the same time.
((You can use your tentacles to constrict eight enemies at once.))
((Your skin changes colour to match your surroundings (Stealth+).))
((Your rubbery body absorbs attacks. (AC +1, EV +1)))


   Skills:
 + Level 6.5 Fighting
 - Level 2.0 Dodging
 - Level 5.4 Stealth
 * Level 12.6 Unarmed Combat
 - Level 6.6 Spellcasting
 - Level 7.5 Transmutations
 - Level 6.0 Ice Magic
 + Level 4.5 Invocations


You had 19 spell levels left.
You knew the following spells:

 Your Spells              Type           Power        Failure   Level  Hunger
a - Beastly Appendage     Tmut           ######       1%          1    None
b - Ice Form              Ice/Tmut       ######..     2%          4    ##.....

Your spell library contained the following spells:

 Spells                   Type           Power        Failure   Level  Hunger
 Sticks to Snakes         Tmut           ######..     1%          2    None
 Spider Form              Tmut/Pois      ####......   3%          3    None
 Blade Hands              Tmut           ######....   5%          5    ####...

Skill      XL: |  1  2  3  4  5  6  7  8  9 10 11 |
---------------+----------------------------------+-----
Transmutations | 3 4 5 6 7 |  7.5
Unarmed Combat | 4 5 7 9 10 12 | 12.6
Ice Magic      | 2 3 5 6 |  6.0
Spellcasting   | 3 4 6 |  6.6
Stealth        | 3 5 |  5.4
Fighting       | 3 6 |  6.5
Invocations    | 4 |  4.5
Dodging        | |  2.0

Action                   |  1- 3 |  4- 6 |  7- 9 | 10-12 || total
-------------------------+-------+-------+-------+-------++-------
Melee: Unarmed           |    85 |   108 |   204 |   276 ||   673
       Constrict         |    24 |    28 |    18 |     6 ||    76
       Tentacles         |     8 |    15 |    13 |    10 ||    46
       Punch             |     1 |       |     6 |     3 ||    10
       Kick              |       |    20 |     4 |       ||    24
       Staff             |       |       |     4 |    13 ||    17
 Cast: Beastly Appendage |     2 |    15 |     4 |       ||    21
       Ice Form          |       |     1 |    20 |    24 ||    45
Evoke: Wand              |       |       |       |    17 ||    17
  Use: Scroll            |       |    13 |     4 |     8 ||    25
       Potion            |       |     1 |     2 |     6 ||     9
 Stab: Sleeping          |    12 |     4 |     2 |     8 ||    26
       Invisible         |       |       |       |     2 ||     2
       Paralysed         |       |       |       |     2 ||     2
  Eat: Chunk             |     1 |     6 |    15 |     7 ||    29
       Ration            |       |     2 |     1 |     1 ||     4
Armor: Skin              |     8 |    14 |    48 |    88 ||   158
Dodge: Dodged            |    45 |    69 |   101 |   144 ||   359

Inventory:

Missiles
 o - 251 arrows
Magical Staves
 a - an uncursed staff of cold (melded)
Jewellery
 b - a ring of ice (on tentacle)
 l - a cursed ring of stealth (on tentacle)
 v - a +3 ring of slaying (left front paw)
 x - a ring of protection from fire (right front paw)
Wands
 j - a wand of iceblast (6)
 u - a wand of paralysis (7)
 w - a wand of flame (27)
Scrolls
 f - 3 scrolls of fear
 i - 2 scrolls of enchant armour
 n - a scroll of remove curse
 r - a scroll of identify
 t - 6 scrolls of teleportation {!r}
 y - 3 scrolls of magic mapping
 B - 3 scrolls of blinking
Potions
 c - a potion of brilliance
 d - 2 potions of cancellation
 g - a potion of mutation
 h - a potion of haste
 k - a potion of lignification
 m - a potion of might
 p - 3 potions of curing
 q - 2 potions of heal wounds
 s - a potion of flight
Comestibles
 e - 19 rations


You were on level 2 of the Lair of Beasts.
You worshipped Cheibriados.
Cheibriados was extremely pleased with you.
You were not hungry.
You were a creature of crystalline ice.
You visited 2 branches of the dungeon, and saw 12 of its levels.

You collected 718 gold pieces.
You spent 112 gold pieces at shops.

Dungeon Overview and Level Annotations

Branches:
Dungeon (10/15)            Temple (0/1) D:7            Lair (2/6) D:10
    Orc (0/2) D:10
  Swamp: Lair:2-4    Shoals: Lair:2-4     Snake: Lair:2-4    Spider: Lair:2-4

Altars:
Ashenzari
Cheibriados
Elyvilon
Gozag
Hepliaklqana
Okawaru
Ru
Sif Muna
Vehumet
Wu Jian
The Shining One
Beogh

Shops:
D:5 [   D:8 !

Annotations:
D:3 exclusion: centaur

...............
...............
...............
...............
...............
##............
#......†......
#(....Y.......
..P....D.......
....[........!.
#.#............
...............
...............
..#...$........
........#.##P..


You could see an eight-headed hydra.

Notes
Turn   | Place    | Note
-------+----------+-------------------------------------------
     0 | D:1      | theanonym the Octopode Transmuter began the quest for the
                  | Orb.
     0 | D:1      | Reached XP level 1. HP: 13/13 MP: 3/3
    72 | D:1      | Reached XP level 2. HP: 17/18 MP: 5/5
   662 | D:2      | Reached XP level 3. HP: 20/23 MP: 6/6
   992 | D:2      | Reached skill level 3 in Transmutations
  1208 | D:2      | Found an iron altar of Okawaru.
  1208 | D:2      | Found a shattered altar of Ashenzari.
  1208 | D:2      | Found a glowing golden altar of the Shining One.
  1288 | D:2      | Reached skill level 4 in Unarmed Combat
  1288 | D:2      | Reached XP level 4. HP: 28/28 MP: 5/7
  1323 | D:2      | Found a faded altar of an unknown god.
  1688 | D:3      | Learned a level 4 spell: Ice Form
  1691 | D:3      | HP: 12/28 [orc priest/divine providence (16)]
  1700 | D:3      | HP: 11/28 [hobgoblin (2)]
  1925 | D:3      | HP: 14/28 [poisoned by an adder]
  1933 | D:3      | HP: 9/28 [poisoned by an adder]
  1938 | D:3      | HP: 7/28 [goblin/+0 dagger (2)]
  1945 | D:3      | HP: 6/28 [goblin/+0 dagger (2)]
  2194 | D:3      | HP: 14/28 [poisoned by a goblin]
  2199 | D:2      | HP: 8/28 [poisoned by a goblin]
  2204 | D:2      | HP: 4/28 [poisoned by a goblin]
  2208 | D:2      | HP: 1/28 [poisoned by a goblin]
  2218 | D:2      | HP: 14/28 [poisoned by a goblin]
  2226 | D:2      | HP: 13/28 [poisoned by a goblin]
  2426 | D:3      | Reached XP level 5. HP: 25/33 MP: 6/8
  2430 | D:3      | HP: 9/33 [orc priest/divine providence (9)]
  2943 | D:3      | Reached skill level 1 in Ice Magic
  3145 | D:3      | Noticed a centaur
  3148 | D:3      | HP: 16/33 [centaur/arrow (8)]
  3153 | D:3      | HP: 11/33 [centaur/arrow (5)]
  3396 | D:3      | HP: 13/33 [centaur/arrow (8)]
  3397 | D:3      | HP: 2/33 [centaur/arrow (11)]
  3716 | D:4      | Found an ornate altar of the Wu Jian Council.
  3728 | D:4      | Reached skill level 4 in Transmutations
  3755 | D:4      | Reached skill level 2 in Ice Magic
  3755 | D:4      | Reached XP level 6. HP: 32/38 MP: 9/9
  3923 | D:4      | HP: 14/38 [orc/+0 dagger (6)]
  4473 | D:4      | theanonym: !lg ogtm -log
  4473 | D:4      | beem: No games for ogtm.
  4473 | D:4      | theanonym: !lg . ogtm -log
  4473 | D:4      | beem: 9. theanonym, XL17 OgTm, T:32502:
                  | https://crawl.xtahua.com/crawl/morgue/theanonym/morgue-thea
                  | nonym-20180110-233125.txt
  4473 | D:4      | theanonym: !lg . ogtm -log -1
  4473 | D:4      | beem: 9. theanonym, XL17 OgTm, T:32502:
                  | https://crawl.xtahua.com/crawl/morgue/theanonym/morgue-thea
                  | nonym-20180110-233125.txt
  4473 | D:4      | theanonym: !lg . ogtm -log -2
  4473 | D:4      | beem: 8/9. theanonym, XL17 OgTm, T:33897:
                  | https://crawl.xtahua.com/crawl/morgue/theanonym/morgue-thea
                  | nonym-20180101-192256.txt
  4473 | D:4      | theanonym: !lg . ogtm -log -3
  4473 | D:4      | beem: 7/9. theanonym, XL1 OgTm, T:39:
                  | https://crawl.xtahua.com/crawl/morgue/theanonym/morgue-thea
                  | nonym-20180101-155529.txt
  4473 | D:4      | theanonym: !lg . ogtm -log -4
  4473 | D:4      | beem: 6/9. theanonym, XL6 OgTm, T:2652:
                  | https://crawl.xtahua.com/crawl/morgue/theanonym/morgue-thea
                  | nonym-20180101-155508.txt
  4473 | D:4      | theanonym: !lg . ogtm -log -5
  4473 | D:4      | beem: 5/9. theanonym, XL11 OgTm, T:12547:
                  | https://crawl.xtahua.com/crawl/morgue/theanonym/morgue-thea
                  | nonym-20180101-141829.txt
  4473 | D:4      | theanonym: !lg . ogtm -log -6
  4473 | D:4      | beem: 4/9. theanonym, XL27 OgTm, T:85745:
                  | https://crawl.xtahua.com/crawl/morgue/theanonym/morgue-thea
                  | nonym-20171229-205303.txt
  4511 | D:5      | Entered Level 5 of the Dungeon
  4517 | D:5      | Reached skill level 5 in Unarmed Combat
  4555 | D:5      | HP: 19/38 [poisoned by a worker ant]
  4560 | D:5      | HP: 17/38 [poisoned by a worker ant]
  4567 | D:5      | HP: 16/38 [poisoned by a worker ant]
  4567 | D:5      | Noticed an ice beast
  4575 | D:4      | HP: 15/38 [poisoned by a worker ant]
  4844 | D:5      | Killed an ice beast
  4844 | D:5      | Reached skill level 3 in Ice Magic
  4844 | D:5      | Reached XP level 7. HP: 40/43 MP: 6/10
  5115 | D:5      | Found a hazy altar of Hepliaklqana.
  5322 | D:5      | Noticed Edmund
  5331 | D:5      | Killed Edmund
  5331 | D:5      | Reached skill level 4 in Ice Magic
  5365 | D:5      | Found Fupeut's Antique Armour Shoppe.
  5608 | D:5      | Found a runed translucent door.
  5609 | D:5      | Noticed Crazy Yiuf
  5673 | D:5      | Reached skill level 5 in Transmutations
  5878 | D:5      | Found a sacrificial altar of Ru.
  6025 | D:5      | Killed Crazy Yiuf
  6185 | D:3      | HP: 24/51 [centaur/arrow (4)]
  6193 | D:3      | Reached skill level 5 in Ice Magic
  6193 | D:3      | Reached XP level 8. HP: 24/48 MP: 7/11
  6491 | D:6      | HP: 21/57 [wight/+4 halberd (10)]
  6492 | D:6      | HP: 7/57 [wight/+4 halberd (14)]
  6496 | D:5      | Reached skill level 6 in Unarmed Combat
  6767 | D:6      | HP: 24/57 [wight/+4 halberd (8)]
  6948 | D:6      | HP: 27/57 [acid (9)]
  7301 | D:6      | HP: 18/48 [bullfrog (7)]
  7783 | D:6      | Found a snail-covered altar of Cheibriados.
  7788 | D:6      | Reached skill level 3 in Spellcasting
  7792 | D:6      | Became a worshipper of Cheibriados the Contemplative
  7898 | D:6      | Reached skill level 6 in Transmutations
  8269 | D:7      | Reached skill level 7 in Unarmed Combat
  8269 | D:7      | Reached skill level 6 in Ice Magic
  8277 | D:7      | Reached XP level 9. HP: 45/53 MP: 10/13
  8672 | D:7      | Found a staircase to the Ecumenical Temple.
  8693 | D:7      | Reached * piety under Cheibriados
  9017 | D:7      | Noticed Duvessa
  9027 | D:7      | Killed Duvessa
  9029 | D:7      | Noticed Dowan
  9036 | D:7      | Killed Dowan
 10036 | D:8      | Reached skill level 8 in Unarmed Combat
 10040 | D:8      | Reached skill level 1 in Stealth
 10125 | D:8      | Noticed Erica
 10134 | D:8      | Killed Erica
 10134 | D:8      | Reached skill level 3 in Stealth
 10134 | D:8      | Reached skill level 4 in Spellcasting
 10134 | D:8      | Reached skill level 7 in Transmutations
 10396 | D:8      | Reached skill level 9 in Unarmed Combat
 10396 | D:8      | Reached XP level 10. HP: 50/58 MP: 16/16
 10543 | D:8      | Reached ** piety under Cheibriados
 10591 | D:8      | Found a transporter.
 10593 | D:8      | Found a transporter.
 10619 | D:8      | Noticed a gargoyle
 10627 | D:8      | HP: 30/69 [gargoyle/+0 dire flail (13)]
 10632 | D:8      | Killed a gargoyle
 10632 | D:8      | Reached skill level 4 in Stealth
 10848 | D:8      | Found a deep blue altar of Sif Muna.
 10922 | D:8      | Noticed mopl's ghost (novice SpTm)
 11047 | D:8      | Found Zeze Cuy's Distillery.
 11061 | D:8      | Bought a potion of invisibility for 112 gold pieces
 11288 | D:8      | Was placed under penance by Cheibriados
 11291 | D:8      | HP: 49/104 [killer bee (7)]
 11292 | D:8      | Reached skill level 5 in Spellcasting
 11293 | D:8      | Was forgiven by Cheibriados
 11297 | D:8      | HP: 40/105 [poisoned by a killer bee]
 11299 | D:8      | Reached skill level 5 in Stealth
 11302 | D:8      | HP: 32/108 [mopl's ghost (4)]
 11310 | D:8      | Killed mopl's ghost
 11310 | D:8      | Reached skill level 2 in Fighting
 11483 | D:9      | HP: 36/72 [gnoll sergeant/+3 spear of piercing (5)]
 11741 | D:9      | Found a radiant altar of Vehumet.
 11939 | D:9      | Noticed Psyche
 11949 | D:9      | Killed Psyche
 11949 | D:9      | Reached skill level 10 in Unarmed Combat
 12463 | D:9      | Found an opulent altar of Gozag.
 12578 | D:10     | Entered Level 10 of the Dungeon
 12587 | D:10     | Reached skill level 3 in Fighting
 12769 | D:10     | Reached *** piety under Cheibriados
 12782 | D:10     | Reached skill level 6 in Spellcasting
 12783 | D:10     | Reached XP level 11. HP: 49/68 MP: 18/20
 12786 | D:10     | Reached skill level 4 in Fighting
 12788 | D:10     | HP: 41/82 [something (9)]
 12790 | D:10     | HP: 20/82 [something (8)]
 12792 | D:10     | Killed an unseen horror
 12792 | D:10     | Reached skill level 11 in Unarmed Combat
 13123 | D:10     | Found a white marble altar of Elyvilon.
 13195 | D:10     | Noticed a centaur warrior
 13211 | D:10     | Killed a centaur warrior
 13371 | D:10     | Found a roughly hewn altar of Beogh.
 13513 | D:10     | Reached **** piety under Cheibriados
 13527 | D:10     | HP: 41/84 [orc priest/divine providence (10)]
 13528 | D:10     | HP: 20/84 [orc warrior/+0 halberd (8)]
 13531 | D:10     | Found a staircase to the Lair.
 13870 | D:10     | Found a staircase to the Orcish Mines.
 14178 | Lair:1   | Entered Level 1 of the Lair of Beasts
 14186 | Lair:1   | Reached skill level 1 in Invocations
 14192 | Lair:1   | Reached skill level 5 in Fighting
 14403 | Lair:1   | Reached skill level 2 in Invocations
 14566 | Lair:1   | Noticed a five-headed hydra
 14576 | Lair:1   | Killed a five-headed hydra
 14674 | Lair:1   | HP: 43/86 [black mamba (17)]
 14675 | Lair:1   | Reached skill level 12 in Unarmed Combat
 14675 | Lair:1   | Reached skill level 3 in Invocations
 14872 | Lair:1   | Reached ***** piety under Cheibriados
 15024 | Lair:1   | HP: 40/86 [hippogriff (5)]
 15297 | Lair:1   | Reached skill level 6 in Fighting
 15754 | Lair:2   | Reached skill level 4 in Invocations
 15754 | Lair:2   | Reached XP level 12. HP: 79/79 MP: 19/21
 15761 | Lair:2   | HP: 46/94 [crocodile (10)]
 15767 | Lair:2   | HP: 36/94 [yak (2)]
 15772 | Lair:2   | HP: 23/96 [yak (6)]
 15774 | Lair:2   | HP: 9/96 [yak (14)]
 16066 | Lair:2   | Noticed an eight-headed hydra
 16074 | Lair:2   | HP: 48/96 [eight-headed hydra (8)]
 16076 | Lair:2   | HP: 21/96 [eight-headed hydra (10)]
 16076 | Lair:2   | Slain by an eight-headed hydra

Vanquished Creatures
  A hydra (Lair:1)
  A centaur warrior (D:10)
  Erica (D:8)
  An unseen horror (D:10)
  The ghost of mopl the Transmogrifier, a novice SpTm of Cheibriados (D:8)
  2 black mambas (Lair:1)
  5 spiny frogs
  Psyche (D:9)
  A gargoyle (D:8)
  A queen bee (D:8)
  A troll (D:10)
  A hornet (D:10)
  3 hippogriffs (Lair:1)
  12 yaks
  Edmund (D:5)
  Duvessa (D:7)
  2 water moccasins (Lair:1)
  A porcupine (Lair:1)
  3 orc warriors
  2 sky beasts (D:7)
  2 black bears
  2 ice beasts
  An eye of draining (D:10)
  4 centaurs
  A necrophage (D:6)
  3 ogres
  6 crocodiles
  2 big kobolds
  6 bullfrogs
  Dowan (D:7)
  A wyvern zombie (D:7)
  A gnoll sergeant (D:9)
  A wyvern skeleton (D:9)
  2 scorpions (D:8)
  7 killer bees (D:8)
  8 wights
  An electric eel (Lair:1)
  4 howler monkeys
  5 crimson imps
  A bullfrog zombie (D:6)
  A bullfrog skeleton (D:8)
  4 jellies
  7 orc priests
  Crazy Yiuf (D:5)
  9 orc wizards
  5 worker ants
  2 killer bee zombies
  A mummy (D:6)
  5 gnolls (D:9)
  11 adders
  A shadow imp (D:8)
  7 oozes
  2 adder skeletons
  A worm (D:2)
  3 dart slugs
  7 leopard geckos
  38 orcs
  A ball python (D:2)
  8 giant cockroaches
  10 goblins
  12 hobgoblins
  9 jackals
  15 kobolds
  5 quokkas
  8 bats
  3 frilled lizards (D:2)
  A jackal skeleton (D:3)
  6 rats
  A plant (D:10)
285 creatures vanquished.

Vanquished Creatures (others)
  A quokka (D:10)
  A kobold (D:9)
2 creatures vanquished.

Grand Total: 287 creatures vanquished

Table legend:
 A = Turns spent in this place as a percentage of turns spent in the entire game.
 B = Non-inter-level travel turns spent in this place as a percentage of non-inter-level travel turns spent in the entire game.
 C = Inter-level travel turns spent in this place as a percentage of turns spent in this place.
 D = Turns resting spent in this place as a percentage of non-inter-level travel turns spent in this place.
 E = Turns spent auto-exploring this place as a percentage of non-inter-level travel turns spent in this place.
 F = Non-inter-level travel turns spent in this place divided by the number of levels of this place that you've seen.
                   A       B       C       D       E      F
               +-------+-------+-------+-------+-------+----------------------
         Total | 100.0 | 100.0 |   3.3 |  48.0 |  39.2 | 1295.6
       Dungeon |  89.1 |  89.1 |   3.2 |  48.0 |  39.7 | 1385.2
          Lair |  10.9 |  10.9 |   3.6 |  48.6 |  35.1 | 847.5
               +-------+-------+-------+-------+-------+----------------------
